 Dungeon Crawl Stone Soup version 0.23-a0-635-g88ca12a (webtiles) character file.

175 Gorice the Conjurer (level 5, -2/37 HPs)
             Began as a Demonspawn Wanderer on Dec 27, 2018.
             Slain by an orc (4 damage)
             ... on level 3 of the Dungeon.
             The game lasted 00:15:33 (4014 turns).

Gorice the Conjurer (Demonspawn Wanderer)           Turns: 4014, Time: 00:15:34

Health: -2/37      AC:  2    Str: 11    XL:     5   Next: 29%
Magic:  1/6        EV: 11    Int: 15    God:
Gold:   229        SH:  0    Dex: 13    Spells: 5/6 levels left

rFire    . . .     SeeInvis .   a - +1 dagger
rCold    . . .     Gourm    .   (no shield)
rNeg     + . .     Faith    .   d - +0 robe
rPois    .         Spirit   .   (no helmet)
rElec    .         Reflect  .   (no cloak)
rCorr    .         Harm     .   (no gloves)
MR       .....                  (no boots)
Stlth    +.........             (no amulet)
HPRegen  0.12/turn              E - ring of positive energy
MPRegen  0.10/turn              (no ring)

@: very slightly contaminated, invisible
A: hooves 1
a: no special abilities


You were on level 3 of the Dungeon.
You were hungry.

You visited 1 branch of the dungeon, and saw 3 of its levels.

You collected 229 gold pieces.

Inventory:

Hand Weapons
 a - a +1 dagger (weapon)
 b - a +0 short sword
 j - a +2 vampiric dagger
   (You took it off a goblin on level 3 of the Dungeon)
 m - a +0 hand axe
 n - a +0 halberd
 B - a +0 blowgun
Missiles
 s - 36 sling bullets
 u - 7 poisoned needles
 Y - 69 stones (quivered)
Armour
 d - a +0 robe (worn)
 o - a +0 chain mail
Jewellery
 E - a ring of positive energy (left hand)
Scrolls
 e - a scroll of teleportation {!r}
 i - 2 scrolls of remove curse
 k - a scroll of enchant weapon
Potions
 c - 2 potions of curing
 g - a potion of cancellation {!q}
 h - a potion of mutation {unknown}
 p - 2 potions of heal wounds {!q}
 q - a potion of agility {unknown}
 t - a potion of degeneration {unknown}
Comestibles
 f - 10 rations
 r - a chunk of flesh


   Skills:
 - Level 1.0 Fighting
   Level 1.0 Crossbows
 - Level 1.0 Throwing
 - Level 1.0 Armour
 - Level 1.0 Spellcasting
 * Level 4.1 Conjurations
   Level 1.0 Hexes
 * Level 3.7 Fire Magic
   Level 1.0 Evocations


You had 5 spell levels left.
You knew the following spells:

 Your Spells              Type           Power        Failure   Level  Hunger
a - Flame Tongue          Conj/Fire      ##...        4%          1    ##.....

Your spell library contained the following spells:

 Spells                   Type           Power        Failure   Level  Hunger
 Throw Flame              Conj/Fire      ##....       8%          2    ###....
 Conjure Flame            Conj/Fire      ##......     14%         3    ####...
 Animate Skeleton         Necr           N/A          24%         1    ##.....
 Inner Flame              Hex/Fire       #.......     28%         3    ####...
 Sticky Flame             Conj/Fire      ##......     43%         4    #####..
 Regeneration             Chrm/Necr      #.........   58%         3    ####...
 Fireball                 Conj/Fire      ##........   80%         5    ######.


Dungeon Overview and Level Annotations

Branches:
Dungeon (3/15)

Altars:
Uskayaw


Innate Abilities, Weirdness & Mutations

You have large cloven feet.


Message History

* * * LOW HITPOINT WARNING * * *
Something hits you.
* * * LOW HITPOINT WARNING * * *
Damage: 5 (max 12)
You miss something. Something hits you.
* * * LOW HITPOINT WARNING * * *
Damage: 1 (max 12)
You miss something. Something completely misses you. Something hits you.
* * * LOW HITPOINT WARNING * * *
Damage: 4 (max 12) Really quaff
l - a potion of invisibility {!q}?
You fade into invisibility!
Something hits you.
* * * LOW HITPOINT WARNING * * *
Damage: 1 (max 12) Unknown command.
A puff of frost appears from out of thin air!
A magic dart appears from out of thin air!
The magic dart hits you!
* * * LOW HITPOINT WARNING * * *
Damage: 3 (max 3)
A puff of frost appears from out of thin air!
You see here a hunting sling.
You see here a hunting sling.
An orc wizard appears from thin air!
Reactivating autopickup.
Casting: Flame Tongue (safe; 5% risk of failure)
Confirm with . or Enter, or press ? or * to list all spells.
Aiming: Flame Tongue (safe; 5% risk of failure)
Press: ? - help, Shift-Dir - straight line, f - orc wizard, p - orc
Aim: an orc wizard, wielding a +0 dagger and wearing a +0 robe (heavily The flame tongue hits the orc wizard.
The orc wizard is heavily wounded.
The orc wizard points at you and mumbles some strange words.
The magic dart hits you!
* * * LOW HITPOINT WARNING * * *
Damage: 6 (max 6) Unknown command.
Casting: Flame Tongue (safe; 5% risk of failure)
Confirm with . or Enter, or press ? or * to list all spells.
Aiming: Flame Tongue (safe; 5% risk of failure)
Press: ? - help, Shift-Dir - straight line, f/p - orc wizard
Aim: an orc wizard, wielding a +0 dagger and wearing a +0 robe (heavily The flame tongue hits the orc wizard.
You kill the orc wizard!
You hit the orc but do no damage. The orc barely misses you.
You strike the helpless orc from behind!
You hit the orc but do no damage. You closely miss the orc. The orc hits you.
You die...

....)....#### ..####..{.o.# ..##
#.#.##.# ...# #.#.##.# .#.#
#.#o##.# .#)###.#o##.######
.o...#.#.##o.o.oo#
#.#..#.......###o#
.###.###.###.###@######## ##
##......#.#..........########
.###...###...#.#.######........#
..#....# #.....#.# ####.#.#.#
.......###.......# #.(.#.#
#####.......###### #..##.# #
#.##.##.# #..##.# # #.##.##.#
#.....# #####... ...# ##.####


You could see 3 orcs.

Vanquished Creatures
  An orc wizard (D:3)
  3 gnolls (D:3)
  4 adders
  A worm (D:2)
  A dart slug (D:1)
  2 leopard geckos (D:1)
  4 orcs (D:3)
  6 bats
  3 giant cockroaches
  10 goblins
  8 hobgoblins
  10 jackals
  A quokka (D:3)
  3 frilled lizards
  4 kobolds
  9 rats
70 creatures vanquished.

Vanquished Creatures (others)
  3 toadstools (D:1)
3 creatures vanquished.

Grand Total: 73 creatures vanquished

Notes
Turn   | Place    | Note
-------+----------+-------------------------------------------
     0 | D:1      | Gorice the Demonspawn Wanderer began the quest for the Orb.
     0 | D:1      | Gorice set off with the following items: a potion of
                  | curing, a +0 robe, a +0 dagger, a ration; and the following
                  | spells available to memorise: Flame Tongue, Throw Flame,
                  | Animate Skeleton, Inner Flame, Conjure Flame, Regeneration,
                  | Sticky Flame, Fireball
     0 | D:1      | Reached XP level 1. HP: 15/15 MP: 2/2
     2 | D:1      | Learned a level 1 spell: Flame Tongue
   110 | D:1      | Reached skill level 1 in Conjurations
   416 | D:1      | Gained mutation: You have large cloven feet. [demonic
                  | ancestry]
   416 | D:1      | Reached XP level 2. HP: 21/21 MP: 1/3
   572 | D:1      | Reached skill level 2 in Conjurations
   985 | D:1      | Reached XP level 3. HP: 26/26 MP: 0/4
  1352 | D:2      | Reached skill level 3 in Conjurations
  1545 | D:2      | Found a hide-covered altar of Uskayaw.
  2025 | D:2      | Reached skill level 3 in Fire Magic
  2738 | D:3      | Reached XP level 4. HP: 31/32 MP: 1/5
  3612 | D:3      | Reached XP level 5. HP: 37/37 MP: 4/6
  3924 | D:3      | Reached skill level 4 in Conjurations
  3982 | D:3      | HP: 9/37 [something (6)]
  3990 | D:3      | HP: 9/37 [something (4)]
  4003 | D:3      | HP: 7/37 [something/magic dart (3)]
  4010 | D:3      | HP: 2/37 [orc wizard/magic dart (6)]
  4014 | D:3      | Slain by an orc

Vault maps used:
D:1:      tarquinn_simple_flora_water_e, minmay_gold_behind_fungi,
          chequers_serial_rivers_small_3
D:2:      nicolae_overflow_crystal_walls
D:3:      lemuel_doored_altar, first_ration

Skill      XL: |  1  2  3  4  5 |
---------------+----------------+-----
Conjurations   | 1 2 3 4 |  4.1
Fire Magic     | 3 |  3.7
Fighting       | |  1.0
Crossbows      | |  1.0
Throwing       | |  1.0
Armour         | |  1.0
Spellcasting   | |  1.0
Hexes          | |  1.0
Evocations     | |  1.0

Action                   |  1- 3 |  4- 6 || total
-------------------------+-------+-------++-------
Melee: Dagger            |    75 |    18 ||    93
       Kick              |    10 |     2 ||    12
 Cast: Flame Tongue      |    70 |    52 ||   122
  Use: Scroll            |     6 |     1 ||     7
       Potion            |       |     2 ||     2
 Stab: Invisible         |       |     1 ||     1
  Eat: Chunk             |     8 |     5 ||    13
Armor: Robe              |    26 |     2 ||    28
Dodge: Dodged            |    72 |    21 ||    93

Table legend:
 A = Non-vault XP
 B = Vault XP
 C = Vault XP percentage of total XP
 D = Non-vault monster count
 E = Vault monster count
 F = Vault count percentage of total count
                 A         B        C        D         E       F
            +---------+---------+-------+---------+---------+-------
      Total |     250 |       0 |   0.0 |      70 |       0 |   0.0
            +---------+---------+-------+---------+---------+-------
        D:1 |      51 |       0 |   0.0 |      27 |       0 |   0.0
        D:2 |      45 |       0 |   0.0 |      18 |       0 |   0.0
        D:3 |     154 |       0 |   0.0 |      25 |       0 |   0.0
            +---------+---------+-------+---------+---------+-------

Table legend:
 A = Turns spent in this place as a percentage of turns spent in the entire game.
 B = Non-inter-level travel turns spent in this place as a percentage of non-inter-level travel turns spent in the entire game.
 C = Inter-level travel turns spent in this place as a percentage of turns spent in this place.
 D = Turns resting spent in this place as a percentage of non-inter-level travel turns spent in this place.
 E = Turns spent auto-exploring this place as a percentage of non-inter-level travel turns spent in this place.
 F = Non-inter-level travel turns spent in this place divided by the number of levels of this place that you've seen.
                   A       B       C       D       E      F
               +-------+-------+-------+-------+-------+----------------------
         Total | 100.0 | 100.0 |   2.3 |  42.8 |  33.3 | 1307.3
       Dungeon | 100.0 | 100.0 |   2.3 |  42.8 |  33.3 | 1307.3
               +-------+-------+-------+-------+-------+----------------------

Vault maps used:
D:1:      tarquinn_simple_flora_water_e, minmay_gold_behind_fungi,
          chequers_serial_rivers_small_3
D:2:      nicolae_overflow_crystal_walls
D:3:      lemuel_doored_altar, first_ration
